 Seeded DCSS version 0.30.1-11-g7821555f0a (webtiles) character file.

Game seed: 430007637681659361 (custom seed)

58 strifetoe the Chopper (level 3, -13/29 HPs)
             Began as a Demonspawn Fighter on Nov 9, 2023.
             Mangled by Terence
             ... wielding a +0 hand axe of electrocution
              (17 damage)
             ... on level 2 of the Dungeon.
             The game lasted 00:01:04 (994 turns).

strifetoe the Chopper (Demonspawn Fighter)           Turns: 994, Time: 00:01:05

Health: -13/29     AC:  6    Str: 18    XL:     3   Next: 75%
Magic:  0/3        EV:  9    Int:  9    God:
Gold:   50         SH:  4    Dex: 12    Spells: 2/2 levels left

rFire   . . .        g - +3 war axe
rCold   . . .        c - +0 buckler
rNeg    . . .        b - +0 scale mail
rPois   .            (no helmet)
rElec   .            (no cloak)
rCorr   .            (no gloves)
SInv    .            (no boots)
Will    .....        (no amulet) Stlth
                     (no ring)
HPRegen 0.24/turn    (no ring)
MPRegen 0.16/turn

%: guardian spirit
@: mighty
A: magic shield, magic regeneration
a: no special abilities


You were on level 2 of the Dungeon.
You visited 1 branch of the dungeon, and saw 2 of its levels.

You collected 50 gold pieces.

Inventory:

Hand Weapons
 a - a +0 war axe
 g - a +3 war axe (weapon)
Armour
 b - a +0 scale mail (worn)
 c - a +0 buckler (worn)
Jewellery
 k - a ring of flight
Scrolls
 e - 2 scrolls of noise {unknown}
 f - a scroll of vulnerability {unknown}
 i - a scroll of identify {unknown}
 j - a scroll of brand weapon {unknown}
 m - a scroll of fear {unknown}
 o - 3 scrolls of acquirement {unknown}
Potions
 h - a potion of curing {unknown}
 l - a potion of cancellation {unknown}
 n - a potion of ambrosia {unknown}


   Skills:
 - Level 3.0 Fighting
 + Level 3.8 Axes
 - Level 2.6 Armour
 - Level 2.6 Shields


You had 2 spell levels left.
You didn't know any spells.
Your spell library contained the following spells:

 Spells                   Type           Power      Damage    Failure   Level
 Sandblast                Erth           0%         2d4       86%         1
 Passwall                 Tmut/Erth      0%         N/A       94%         2
 Stone Arrow              Conj/Erth      0%         3d7       99%         3


Dungeon Overview and Level Annotations

Branches:
Dungeon (2/15)

Altars:

Annotations:
D:2 Terence


Innate Abilities, Weirdness & Mutations

When hurt, damage is shared between your health and your magic reserves.
You regenerate magic rapidly.


Message History

An adder is nearby!
The adder misses you.
You barely miss the adder. The adder misses you.
The adder bites you but does no damage.
You hit the adder.
The adder is heavily wounded.
The adder bites you but does no damage. The adder bites you.
You closely miss the adder.
The adder is heavily wounded.
The adder bites you. You block the adder's attack.
You hit the adder but do no damage.
The adder is heavily wounded.
You block the adder's attack. The adder bites you but does no damage.
You closely miss the adder.
The adder is heavily wounded.
The adder bites you. The adder bites you but does no damage.
You miss the adder.
The adder is heavily wounded.
The adder closely misses you.
You slash the adder!
You kill the adder!
You see here an adder corpse.
You start resting.
HP restored.
There is a stone staircase leading down here.
You climb downwards.
Level annotation: Terence
There is a stone staircase leading up here.
Okay, then.
No target in view!
You feel very mighty all of a sudden.
Terence hits you with a +0 hand axe of electrocution.
You are electrocuted!!
Ouch! That really hurt!
You barely miss Terence.
Terence hits you with a +0 hand axe of electrocution.
* * * LOW HITPOINT WARNING * * *
You are electrocuted!!
Ouch! That really hurt!
You die...

# # # # # # #
#### #
#####..##
#.@@..>.#
#####.#####.#
##....<# #.#
####..#####
#.#
#####....##
#.#
###.....####
#(# ....#####
#...# #####
.....#
........


You could see Terence.

Vanquished Creatures
  2 adders
  A dart slug (D:1)
  2 endoplasms
  4 giant cockroaches
  2 goblins (D:1)
  5 hobgoblins
  2 quokkas (D:1)
  7 ball pythons
  6 bats (D:1)
  A frilled lizard (D:1)
  A kobold (D:1)
  4 rats (D:1)
37 creatures vanquished.

Notes
Turn   | Place    | Note
-------+----------+-------------------------------------------
     0 | D:1      | strifetoe the Demonspawn Fighter began the quest for the
                  | Orb.
     0 | D:1      | Reached XP level 1. HP: 18/18 MP: 1/1
   141 | D:1      | Gained mutation: You regenerate magic rapidly. [demonic
                  | ancestry]
   141 | D:1      | Reached XP level 2. HP: 18/24 MP: 2/2
   598 | D:1      | Gained mutation: When hurt, damage is shared between your
                  | health and your magic reserves. [demonic ancestry]
   598 | D:1      | Reached XP level 3. HP: 27/29 MP: 3/3
   903 | D:2      | Noticed Terence
   994 | D:2      | Mangled by Terence

Illustrated notes

Levels and vault maps discovered:
D:1:      wander_arrival_chamber, layout_basic, kennysheep_boxes
D:2:      layout_rooms, dilly_ecumenical_altar_fadedgnrine, basic_altar,
          uniq_terence

Skill      XL: |  1  2 |
---------------+-------+-----
Axes           | 2 3 |  3.8
Fighting       | |  3.0
Armour         | |  2.6
Shields        | |  2.6

Action                     || total
---------------------------++-------
  Melee: War axe           ||   102
    Use: Potion            ||     1
 Armour: Scale mail        ||    60
  Dodge: Dodged            ||    39
  Block: Buckler           ||    23
